Unix NetHack Version 5.0.0-0 post-release - last build May  4 2026 22:22:43 (774f63e81ad911689b3a0859ea89b322d5daca8d,branch:main).

Game began 2026-05-08 06:24:08, ended 2026-05-08 06:41:59.

BSL2425737, lawful female dwarven Valkyrie

                              ---
                            ---.|
                            |..-----
                        -----...|<*-
                        |...........
                      ---..---------
                      |....
                      -^---
              G  ..G....|
                 .@.....|
                 --.|...|
                  ----.-
                     ---

BSL2425737 the Skirmisher   St:16 Dx:11 Co:20 In:9 Wi:10 Ch:9  Lawful
Dlvl:3  $:7  HP:0(40) Pw:1(1) AC:10 Xp:3 T:648 

Latest messages:
 You swap places with your little dog.
 Your fox corpse rots away.
 Your newt corpse rots away.
 You descend the stairs.
 A trap door in the ceiling opens and a rock falls on your head!
 You see here a glass wand.
 r - a glass wand.
 The hobbit wields a dagger!
 You kill the hobbit!
 You hear rumbling in the distance.
 s - a circular amulet.
 t - a dagger.
 You hear crashing rock.
 You feel your magical energy drain away!
 What do you want to throw? [$fgt or ?*] *
 In what direction? 4
 The dart misses the gnome.
 The gnome gets angry!
 The gnome lord gets angry!
 The gnome turns to flee.
 You hit the gnome.
 The gnome lord hits!
 You kill the gnome!
 Welcome to experience level 3.
 You feel stealthy!
 The gnome lord hits!
 f - a dart (16 in total).
 u - a gnome corpse.
 The gnome throws a dart!
 You are hit by a dart.
 What do you want to throw? [$fgt or ?*] *
 In what direction? 8
 The dart misses the gnome lord.
 The gnome lord hits!
 You miss the gnome lord.
 The gnome lord hits!
 You hit the gnome lord.
 You miss the gnome lord.
 The gnome lord hits!
 You miss the gnome lord.
 The gnome lord hits!
 You miss the gnome lord.
 The gnome lord hits!
 The gnome lord hits!
 You die...
 Do you want your possessions identified? [ynq] (y) y
 Do you want to see your attributes? [ynq] (y) y
 Do you want an account of creatures vanquished? [ynaq] (y) y
 Do you want to see your conduct and achievements? [ynq] (y) y
 Do you want to see the dungeon overview? [ynq] (y) y

Inventory:
 Coins    ('$')
  $ - 7 gold pieces
 Amulets  ('"')
  s - an uncursed amulet of flying
 Weapons  (')')
  g - 7 +0 silver arrows
  f - 15 +0 darts
  t - a +0 dagger
 Armor    ('[')
  n - an uncursed +0 orcish helm
  q - an uncursed +0 orcish helm
 Comestibles  ('%')
  m - an uncursed slime mold
  d - 2 uncursed food rations
  u - an uncursed gnome corpse
  i - an uncursed lichen corpse
  o - an uncursed sewer rat corpse
 Wands    ('/')
  r - a wand of slow monster (0:8)
 Tools    ('(')
  p - an uncursed mirror

BSL2425737 the Valkyrie's attributes:

Background:
 You were a Skirmisher, a level 3 dwarven Valkyrie.
 You were lawful, on a mission for Tyr
 who was opposed by Odin (neutral) and Loki (chaotic).
 You were right-handed.
 You were in the Gnomish Mines, on level 3.
 You entered the dungeon 648 turns ago.
 You had 45 experience points, 35 more were needed to attain level 4.

Basics:
 You had 0 out of 40 hit points.
 You had 1 out of 1 energy points (spell power).
 Your armor class was 10.
 Your wallet contained 7 zorkmids.
 Autopickup was off.

Final Characteristics:
 Your strength was 16 (limit:18/100).
 Your dexterity was 11 (limit:20).
 Your constitution was 20 (limit:20).
 Your intelligence was 9 (limit:16).
 Your wisdom was 10 (limit:16).
 Your charisma was 9 (limit:16).

Final Status:
 You weren't hungry.
 You were unencumbered.
 You were bare handed.
 You were unskilled in bare handed combat.
 You weren't wearing any armor.

Final Attributes:
 You were fervently aligned.
 You were cold resistant.
 You had infravision.
 You were stealthy.
 You are dead.

Miscellaneous:
 You didn't encounter any bones levels.
 Total elapsed playing time was 17 minutes and 50 seconds.

Major events:
 Turn
    1: BSL2425737 the lawful dwarven Valkyrie entered the dungeon
  597: entered the Gnomish Mines
  638: attained the rank of Skirmisher (level 3)
  648: killed by a gnome lord

You didn't know any spells.

Skills:
 Fighting Skills
   bare handed combat [Unskilled]
   two weapon combat  [Unskilled]
   riding             [Unskilled]
 Weapon Skills
   dagger             [Basic]
   axe                [Unskilled]
   pick-axe           [Unskilled]
   short sword        [Unskilled]
   broadsword         [Unskilled]
   long sword         [Unskilled]
   two-handed sword   [Unskilled]
   saber              [Unskilled]
   hammer             [Unskilled]
   quarterstaff       [Unskilled]
   polearms           [Unskilled]
   spear              [Basic]
   trident            [Unskilled]
   lance              [Unskilled]
   sling              [Unskilled]
 Spellcasting Skills
   attack spells      [Unskilled]
   escape spells      [Unskilled]

Voluntary challenges:
 Character rerolling was not enabled.
 You went without food.
 You were an atheist.
 You were illiterate.
 You never genocided any monsters.
 You never polymorphed an object.
 You never changed form.
 You used no wishes.
Achievements:
 You entered the Gnomish Mines.
 You attained the rank of Skirmisher.

 The Dungeons of Doom: levels 1 to 2
    Level 1:
       Some fountains, many trees.
    Level 2:
       Stairs down to The Gnomish Mines.
 The Gnomish Mines:
    Level 3: <- You were here.
       Final resting place for
          you, killed by a gnome lord.


Vanquished creatures:
  3 wood nymphs
  a gas spore
  a hobbit
  2 gnomes
  a gecko
  a jackal
  a fox
  3 goblins
  2 sewer rats
  a grid bug
  a lichen
  5 newts
22 creatures vanquished.

No species were genocided or became extinct.

Game over:
                       ----------
                      /          \
                     /    REST    \
                    /      IN      \
                   /     PEACE      \
                  /                  \
                  |    BSL2425737    |
                  |       7 Au       |
                  |   killed by a    |
                  |    gnome lord    |
                  |                  |
                  |                  |
                  |       2026       |
                 *|     *  *  *      | *
        _________)/\\_//(\/(/\)/\//\/|_)_______

Farvel BSL2425737 the Valkyrie...

You died in The Gnomish Mines on dungeon level 3 with 287 points,
and 7 pieces of gold, after 648 moves.
You were level 3 with a maximum of 40 hit points when you died.

